 Dungeon Crawl Stone Soup version 0.31-a0-198-g2ad674f65e (webtiles) character file.

Game seed: 13124490775646224996

3330 pokeman the Thaumaturge (level 9, -2/50 HPs)
             Began as a Deep Elf Hedge Wizard on June 25, 2023.
             Was a Follower of Vehumet.
             Slain by Erica
             ... wielding a +3 scimitar of flaming
              (14 damage)
             ... on level 8 of the Dungeon.
             The game lasted 00:19:09 (8000 turns).

pokeman the Thaumaturge (Deep Elf Hedge Wizard)     Turns: 8000, Time: 00:19:10

Health: -2/50      AC: 10    Str:  7    XL:     9   Next: 71%
Magic:  12/27      EV: 13    Int: 26    God:    Vehumet [*.....]
Gold:   140        SH:  0    Dex: 14    Spells: 18/32 levels left

rFire   . . .        q - +0 long sword of Goatt {venom, Int+2}
rCold   . . .        (no shield)
rNeg    . . .        I - +1 robe {Will+}
rPois   .            j - +0 helmet
rElec   .            A - +0 cloak
rCorr   .            (no gloves)
SInv    .            F - +0 pair of boots
Will    +....        (no amulet)
Stlth   ++           i - +4 ring of protection
HPRegen 0.28/turn    (no ring)
MPRegen 0.20/turn

%: no passive effects
@: studying Staves
A: no striking features
a: Renounce Religion


You were on level 8 of the Dungeon.
You worshipped Vehumet.
Vehumet was aware of your devotion.
You visited 2 branches of the dungeon, and saw 9 of its levels.

You collected 349 gold pieces.
You spent 209 gold pieces at shops.

Inventory:

Hand Weapons
 q - the +0 long sword of Goatt (weapon) {venom, Int+2}
   (You found it on level 2 of the Dungeon)

   Int:       It affects your intelligence (+2).
 x - a +1 hand axe of pain
 y - the +2 hammer "Grim Tooth" {vamp, rC+}
   (You found it on level 4 of the Dungeon)

   rC:        It protects you from cold.
 z - a +4 quarterstaff of chaos
 L - the +6 orcbow of Dylomuo {freeze, Contam Dex+7}
   (You found it on level 7 of the Dungeon)

   Dex:       It affects your dexterity (+7).
   Contam:    It causes magical contamination when unequipped.
Missiles
 M - 5 curare-tipped darts
Armour
 j - a +0 helmet (worn)
 A - a +0 cloak (worn)
 F - a +0 pair of boots (worn)
 I - a +1 robe of willpower (worn)
Magical Staves
 B - a staff of air
Jewellery
 i - a +4 ring of protection (left hand)
 n - a ring of resist corrosion
 D - an amulet of faith
 G - a ring of ice
Wands
 l - a wand of iceblast (13)
 v - a wand of flame (9)
 N - a wand of charming (5)
Scrolls
 a - 4 scrolls of enchant armour {unknown}
 b - a scroll of enchant weapon {unknown}
 f - 3 scrolls of amnesia {unknown}
 k - 5 scrolls of identify
 o - 5 scrolls of teleportation {unknown}
 r - 2 scrolls of blinking {unknown}
 u - 3 scrolls of poison {unknown}
 w - a scroll of vulnerability {unknown}
 H - a scroll of butterflies {unknown}
Potions
 c - a potion of resistance {unknown}
 d - 2 potions of magic
 e - a potion of mutation {unknown}
 g - 2 potions of berserk rage {unknown}
 h - a potion of heal wounds {unknown}
 m - 4 potions of degeneration
 p - 2 potions of lignification {unknown}
 s - 3 potions of attraction {unknown}
 t - 2 potions of curing
 C - 2 potions of might {unknown}
 E - a potion of haste
 J - a potion of enlightenment {unknown}
 K - a potion of brilliance {unknown}


   Skills:
 + Level 3.0 Fighting
 - Level 3.0 Armour
 - Level 3.0 Dodging
 - Level 3.0 Stealth
 * Level 12.1 Spellcasting
 + Level 6.7 Conjurations
 - Level 1.1 Summonings
 - Level 2.2 Necromancy
 - Level 1.1 Translocations
 + Level 5.6 Fire Magic
 - Level 1.0 Air Magic
 - Level 1.0 Poison Magic
 - Level 2.0 Evocations


You had 18 spell levels left.
You knew the following spells:

 Your Spells              Type           Power      Damage    Failure   Level
a - Magic Dart            Conj           100%       1d8       1%          1
b - Mephitic Cloud        Conj/Pois/Air  31%        N/A       3%          3
c - Call Imp              Summ           42%        N/A       3%          2
d - Blink                 Tloc           42%        N/A       3%          2
e - Foxfire               Conj/Fire      100%       2x1d9     1%          1
f - Fireball              Conj/Fire      23%        3d11      9%          5

Your spell library contained the following spells:

 Spells                   Type           Power      Damage    Failure   Level
 Freeze                   Ice            60%        1d7       3%          1
 Beastly Appendage        Tmut           30%        N/A       3%          1
 Slow                     Hex            60%        N/A       3%          1
 Cigotuvi's Dreadful Rot  Necr/Pois/Air  46%        N/A       3%          2
 Inner Flame              Hex/Fire       30%        N/A       3%          3
 Flame Wave               Conj/Fire      47%        2d12      3%          4
 Sticky Flame             Conj/Fire      47%        2d6       3%          4
 Wereblood                Tmut           15%        N/A       5%          2
 Spider Form              Tmut/Pois      18%        N/A       9%          3
 Frozen Ramparts          Ice            30%        1d5       11%         3
 Summon Ice Beast         Ice/Summ       18%        N/A       28%         4
 Ice Form                 Ice/Tmut       15%        N/A       36%         4
 Starburst                Conj/Fire      23%        6d8       41%         6
 Plasma Beam              Fire/Air       16%        2x1d28    82%         6
 Malign Gateway           Summ/Tloc      10%        N/A       100%        7
 Summon Horrible Things   Summ           10%        N/A       100%        8


Dungeon Overview and Level Annotations

Branches:
Dungeon (8/15)             Temple (1/1) D:4
   Lair: D:8-11

Altars:
Ashenzari
Cheibriados
Dithmenos
Fedhas
Gozag
Hepliaklqana
Kikubaaqudgha
Makhleb
Nemelex Xobeh
Okawaru
Ru
Sif Muna
Trog
Uskayaw
Vehumet
Wu Jian
Xom
Yredelemnul
Zin
The Shining One

Shops:
D:3 =*   D:4 !*

Annotations:
D:7 2 runed translucent doors, snackwell's ghost, novice DsFE
D:8 Erica


Message History

Vehumet accepts your kill. The orc barely misses you. The orc misses you.
You barely miss the orc.
The orc is heavily wounded.
The orc hits you with a +0 hand axe.
Unknown command.
Casting: Mephitic Cloud (dangerous; 3% risk of failure)
Confirm with . or Enter, or press ? or * to list all spells.
Aiming: Mephitic Cloud (dangerous; 3% risk of failure)
Press: ? - help, Shift-Dir - straight line, f/p - Erica
Aim: Erica, wielding a +3 scimitar of flaming and wearing a +0 robe (lightly wounded, confused, chance to affect: 58%)
The ball explodes into a vile cloud!
The stinking cloud engulfs Erica but does no damage.
Erica is lightly wounded.
The orc misses you.
Erica is engulfed in noxious fumes.
Erica appears confused.
Unknown command.
You hit Erica.
Erica is poisoned.
Erica is lightly wounded.
You kill the orc!
Vehumet accepts your kill.
Erica hits herself with a +3 scimitar of flaming!
Erica burns herself.
You catch the helpless Erica completely off-guard!
You hit Erica.
Erica looks as sick as possible!
Erica is moderately wounded.
You hear the creaking of a very distant portcullis.
Erica screams, "I'll kill you anyway!"
Erica hits you with a +3 scimitar of flaming!
Erica burns you.
* * * LOW HITPOINT WARNING * * *
Erica barely misses herself.
You hit Erica.
Erica looks as sick as possible!
Erica is heavily wounded.
Unknown command.
You barely miss Erica.
Erica is heavily wounded.
You slash Erica!
Erica looks as sick as possible!
Erica is almost dead.
Erica hits you with a +3 scimitar of flaming!
You die...

### #.# ##.### #....##
#..°.### #@@.°..#
####)).### ## ##...)...#
... #...)...## #...#
#.......#### ####....#
...###...##..###........
#.. #........##........
#. #........o....#...# .
....###.........#...##


You could see Erica (confused, extremely poisoned).

Vanquished Creatures
  Pikel (D:8)
  A troll (D:6)
  A wyvern (D:8)
  A steam dragon (D:6)
  Duvessa (D:7)
  A water moccasin (D:7)
  2 sky beasts
  3 ice beasts
  A black bear (D:6)
  2 ogres
  A centaur (D:6)
  3 lemures
  A phantom (D:5)
  4 scorpions
  3 wights (D:8)
  A killer bee (D:6)
  Dowan (D:7)
  2 hounds
  3 jellies
  5 orc priests
  Crazy Yiuf (D:4)
  3 iguanas
  2 sleepcaps
  8 orc wizards
  Robin (D:2)
  4 adders
  2 ufetubi
  A worm (D:3)
  A dart slug (D:1)
  38 orcs
  9 ball pythons
  6 endoplasms
  4 giant cockroaches
  16 goblins
  10 hobgoblins
  4 jackals (D:2)
  4 quokkas
  5 bats
  A frilled lizard (D:3)
  4 kobolds
  4 rats
  A foxfire (D:4)
167 creatures vanquished.

Vanquished Creatures (others)
  454 foxfires
454 creatures vanquished.

Grand Total: 621 creatures vanquished

Notes
Turn   | Place    | Note
-------+----------+-------------------------------------------
     0 | D:1      | pokeman the Deep Elf Hedge Wizard began the quest for the
                  | Orb.
     0 | D:1      | Reached XP level 1. HP: 10/10 MP: 7/7
   308 | D:1      | Reached XP level 2. HP: 16/16 MP: 6/9
   717 | D:1      | Reached skill level 5 in Spellcasting
   869 | D:1      | Reached XP level 3. HP: 20/20 MP: 6/11
   873 | D:1      | Learned a level 3 spell: Mephitic Cloud
   876 | D:1      | Learned a level 2 spell: Call Imp
   879 | D:1      | Learned a level 2 spell: Blink
  1629 | D:2      | Reached skill level 1 in Fighting
  1633 | D:2      | Noticed Robin
  1666 | D:2      | Reached skill level 1 in Armour
  1849 | D:2      | Killed Robin
  1855 | D:2      | Reached XP level 4. HP: 25/25 MP: 0/13
  2082 | D:2      | Identified the +0 long sword of Goatt {venom, Int+2}
  2118 | D:2      | Learned a level 1 spell: Foxfire
  2697 | D:3      | Found Nesav's General Store.
  2710 | D:3      | Bought a potion of curing for 33 gold pieces
  2710 | D:3      | Bought a scroll of identify for 22 gold pieces
  3043 | D:3      | Found Cuffozxai's Jewellery Shoppe.
  3073 | D:3      | Reached skill level 6 in Spellcasting
  3073 | D:3      | Reached XP level 5. HP: 20/29 MP: 10/15
  3171 | D:3      | Found a snail-covered altar of Cheibriados.
  3299 | D:4      | Found a transporter.
  3306 | D:4      | Found a transporter.
  3311 | D:4      | Found an ornate altar of the Wu Jian Council.
  3311 | D:4      | Found a hide-covered altar of Uskayaw.
  3312 | D:4      | Found a sacrificial altar of Ru.
  3345 | D:4      | Identified the +2 hammer "Grim Tooth" {vamp, rC+}
  3351 | D:4      | Found a runed translucent door.
  3352 | D:4      | Noticed Crazy Yiuf
  3362 | D:4      | Killed Crazy Yiuf
  3491 | D:4      | Reached skill level 1 in Evocations
  3492 | D:4      | Reached skill level 1 in Necromancy
  3581 | D:4      | Reached XP level 6. HP: 9/34 MP: 2/17
  3818 | D:4      | Found Suurygis's Distillery.
  3826 | D:4      | Bought a potion of degeneration for 14 gold pieces
  3826 | D:4      | Bought a potion of haste for 140 gold pieces
  3942 | D:4      | Reached skill level 7 in Spellcasting
  4175 | D:4      | Found Uhifuwue's General Store.
  4245 | D:4      | Found a glowing silver altar of Zin.
  4406 | D:4      | Found a staircase to the Ecumenical Temple.
  4415 | Temple   | Entered the Ecumenical Temple
  4415 | Temple   | Found a transporter.
  4415 | Temple   | Found a transporter.
  4417 | Temple   | Found a transporter.
  4417 | Temple   | Found a transporter.
  4693 | D:5      | Entered Level 5 of the Dungeon
  4855 | D:5      | Learned a level 5 spell: Fireball
  4876 | D:5      | Reached XP level 7. HP: 38/38 MP: 16/20
  4914 | D:5      | Reached skill level 1 in Fire Magic
  4914 | D:5      | Reached skill level 1 in Poison Magic
  4921 | D:5      | Reached skill level 1 in Air Magic
  5081 | D:5      | Reached skill level 8 in Spellcasting
  5399 | D:5      | Found a radiant altar of Vehumet.
  5407 | D:5      | Became a worshipper of Vehumet
  5490 | D:5      | Found an ancient bone altar of Kikubaaqudgha.
  5815 | D:6      | Noticed a troll
  5820 | D:6      | Reached skill level 9 in Spellcasting
  5820 | D:6      | Reached XP level 8. HP: 44/44 MP: 19/23
  5852 | D:6      | Killed a troll
  5873 | D:6      | Reached skill level 5 in Conjurations
  5912 | D:6      | Reached skill level 10 in Spellcasting
  6710 | D:7      | Noticed Dowan
  6714 | D:7      | Noticed Duvessa
  6721 | D:7      | Killed Dowan
  6722 | D:7      | Reached XP level 9. HP: 42/48 MP: 16/25
  6741 | D:7      | Killed Duvessa
  7047 | D:7      | Reached skill level 11 in Spellcasting
  7106 | D:7      | Identified the +6 orcbow of Dylomuo {freeze, Contam Dex+7}
  7372 | D:7      | Found a large runed translucent door.
  7374 | D:7      | Found a large runed translucent door.
  7396 | D:7      | Noticed snackwell's ghost (novice DsFE)
  7735 | D:8      | Noticed Erica
  7758 | D:8      | Reached skill level 5 in Fire Magic
  7931 | D:8      | Noticed Pikel
  7942 | D:8      | Killed Pikel
  7943 | D:8      | Reached skill level 12 in Spellcasting
  7983 | D:8      | Reached * piety under Vehumet
  7983 | D:8      | Offered knowledge of Freeze by Vehumet.
  8000 | D:8      | Slain by Erica

Illustrated notes

Levels and vault maps discovered:
D:1:      lemuel_arrival_lava_pool, layout_basic, minmay_tree_intersection
D:2:      layout_basic, wad_orctagon, uniq_robin
D:3:      layout_rooms, mainiacjoe_overflow_surrounded_room, serial_aquarium,
          aquarium_bridge_square [aquarium_subvault_window,
          aquarium_subvault_bridge, aquarium_subvault_bridge,
          aquarium_subvault_bridge], aquarium_window_2, aquarium_window_fake,
          aquarium_window_corridor_1, aquarium_view_2d, aquarium_view_2b,
          serial_shops, nicolae_shop_hallway_plus, shop,
          minmay_misc_feat_plants, feat_on_display
D:4:      layout_cave_pods, gammafunk_temple_overflow_arena, zin_statuary,
          temple_hall, serial_shops, shop, shop, palyth_stone_intersect,
          uniq_crazy_yiuf_cottage
D:5:      layout_basic, lemuel_crystal_altar, kennysheep_mini
D:6:      layout_loops_ring, minmay_manual_mandibuliform
D:7:      layout_basic, ebering_ghost_disaster_area, uniq_duvessa
D:8:      layout_cave_pools, nicolae_overflow_hidden_temple, enter_bailey_5,
          uniq_erica, uniq_pikel
Temple:   hellmonk_temple_divided_pantheon

Skill      XL: |  1  2  3  4  5  6  7  8  9 |
---------------+----------------------------+-----
Spellcasting   | 5 6 7 9 10 12 | 12.1
Fighting       | 1 2 3 |  3.0
Armour         | 1 2 3 |  3.0
Conjurations   | 2 3 4 5 6 |  6.7
Stealth        | 3 |  3.0
Dodging        | 3 |  3.0
Evocations     | 1 2 |  2.0
Necromancy     | 1 2 |  2.2
Fire Magic     | 2 4 5 |  5.6
Poison Magic   | 1 |  1.0
Air Magic      | 1 |  1.0
Summonings     | |  1.1
Translocations | |  1.1

Action                     |  1- 3 |  4- 6 |  7- 9 || total
---------------------------+-------+-------+-------++-------
  Melee: Dagger            |    14 |       |       ||    14
         Long sword        |       |    26 |    60 ||    86
         Punch             |       |     1 |     1 ||     2
   Cast: Magic Dart        |   113 |    33 |     8 ||   154
         Mephitic Cloud    |     2 |     3 |    20 ||    25
         Call Imp          |     1 |       |     2 ||     3
         Foxfire           |       |   101 |   158 ||   259
         Blink             |       |       |     1 ||     1
   Stab: Confused          |     2 |       |     5 ||     7
 Armour: Robe              |     9 |    12 |    43 ||    64
  Dodge: Dodged            |    28 |    33 |    72 ||   133

Table legend: (Time is in decaauts)
 A = Elapsed time spent in this place.
 B = Non-inter-level travel time spent in this place.
 C = Inter-level travel time spent in this place.
 D = Time resting spent in this place.
 E = Time spent auto-exploring this place.
 F = Levels seen in this place.
 G = Mean time per level.
                   A        B        C        D        E       F      G
               +--------+--------+--------+--------+--------+-----+--------+
         Total |   8034 |   7770 |    264 |    607 |   5737 |   9 |  892.7 |
       Dungeon |   7996 |   7741 |    255 |    607 |   5733 |   8 |  999.5 |
        Temple |     37 |     28 |      9 |      0 |      4 |   1 |   37.0 |
               +--------+--------+--------+--------+--------+-----+--------+

Top non-repeatable levels by time:
     D:1: 1791 daAuts
     D:4: 1417 daAuts
     D:7: 1175 daAuts
     D:6: 976 daAuts
     D:5: 939 daAuts
     D:2: 829 daAuts
     D:3: 672 daAuts
     D:8: 194 daAuts
  Temple: 37 daAuts
